 Dungeon Crawl Stone Soup version 0.27-a0-597-g524d869a0f (webtiles) character file.

Game seed: 3091365100684184542

1988 dolemite99 the Shield-Bearer (level 9, -2/73 HPs)
             Began as a Gnoll Fighter on Mar 12, 2021.
             Was a Follower of Ashenzari.
             Splashed by a centaur's acid (4 damage)
             ... on level 7 of the Dungeon.
             The game lasted 00:11:47 (7983 turns).

dolemite99 the Shield-Bearer (Gnoll Fighter)        Turns: 7983, Time: 00:11:47

Health: -2/73      AC:  9    Str: 24    XL:     9   Next: 21%
Magic:  15/15      EV:  9    Int:  8    God:    Ashenzari [*.....]
Gold:   373        SH: 12    Dex: 12    Spells: 16/16 levels left

rFire    + . .     SeeInvis +   a - +0 flail (vorpal)
rCold    + . .     Faith    .   c - +0 kite shield "Astral Urgency" {Range, Evo} (curse)
rNeg     . . .     Spirit   .   i - +0 chain mail {rPois}
rPois    +         Reflect  .   (no helmet)
rElec    +         Harm     .   s - +1 cloak of the Eternal Black Moon {Fort, Cun} (curse)
rCorr    +         Rampage  .   (no gloves)
Will     .....                  (no boots)
Stlth    ..........             D - amulet of magic regeneration
HPRegen  0.22/turn              F - ring of see invisible
MPRegen  0.39/turn              K - +6 ring of strength

@: resistant, corroded
A: fangs 1, strong nose, distributed training
a: Renounce Religion, Curse Item, Shatter the Chains


You were on level 7 of the Dungeon.
You worshipped Ashenzari.
Ashenzari was aware of your devotion.
You visited 2 branches of the dungeon, and saw 8 of its levels.

You collected 469 gold pieces.
You spent 96 gold pieces at shops.

Inventory:

Hand Weapons
 a - a +0 vorpal flail (weapon)
 h - a +0 flail
 p - a +2 halberd of venom
 x - a +0 lajatang
 B - a +2 dagger of draining
 G - a +0 mace of holy wrath
Missiles
 l - 28 sling bullets
 o - 136 stones
 q - 110 arrows
 y - 4 boomerangs
 I - 13 bolts
 J - 22 poisoned darts (quivered)
Armour
 b - a +0 scale mail
 c - the cursed +0 kite shield "Astral Urgency" (worn) {Range, Evo}

   It has a curse placed upon it.
 e - a scarf of invisibility
 i - a +0 chain mail of poison resistance (worn)
 s - the cursed +1 cloak of the Eternal Black Moon (worn) {Fort, Cun}
   (You found it on level 3 of the Dungeon)

   It has a curse placed upon it.
 z - a +0 chain mail
Jewellery
 g - a +6 ring of intelligence
 u - a +6 ring of intelligence
 D - an amulet of magic regeneration (around neck)
 F - a ring of see invisible (right hand)
 K - a +6 ring of strength (left hand)
Wands
 d - a wand of digging (8)
 k - a wand of flame (17)
Scrolls
 f - 8 scrolls of identify {@r1}
 t - 3 scrolls of amnesia
 C - a scroll of enchant armour
 L - 2 scrolls of teleportation
 M - a scroll of fog
 N - a scroll of fear
Potions
 m - a potion of berserk rage
 n - a potion of ambrosia
 r - a potion of flight
 v - 2 potions of magic
 w - a potion of brilliance
 A - a potion of might


   Skills:
 + Level 7.7 Fighting
 + Level 4.0 Short Blades
 + Level 4.0 Long Blades
 + Level 4.0 Axes
 + Level 6.1 Maces & Flails
 + Level 4.0 Polearms
 + Level 4.0 Staves
 + Level 4.0(5.2) Slings
 + Level 4.0(5.2) Bows
 + Level 4.0(5.2) Crossbows
 + Level 4.0(5.2) Throwing
 + Level 7.7(9.1) Armour
 + Level 4.0(5.2) Dodging
 + Level 4.0(5.2) Stealth
 + Level 7.7(9.1) Shields
 + Level 4.0 Unarmed Combat
 + Level 4.0 Spellcasting
 + Level 3.3 Conjurations
 + Level 3.3 Hexes
 + Level 3.3 Summonings
 + Level 3.3 Necromancy
 + Level 3.3 Translocations
 + Level 3.3 Transmutations
 + Level 3.3 Fire Magic
 + Level 3.3 Ice Magic
 + Level 3.3 Air Magic
 + Level 3.3 Earth Magic
 + Level 3.3 Poison Magic
 + Level 4.4 Invocations
 + Level 4.0(5.2) Evocations


You had 16 spell levels left.
You didn't know any spells.
Your spell library was empty.

Dungeon Overview and Level Annotations

Branches:
Dungeon (7/15)             Temple (1/1) D:4

Altars:
Ashenzari
Cheibriados
Fedhas
Gozag
Hepliaklqana
Kikubaaqudgha
Makhleb
Nemelex Xobeh
Okawaru
Qazlal
Ru
Sif Muna
Trog
Uskayaw
Wu Jian
Zin
The Shining One

Shops:
D:5 (   D:6 =


Innate Abilities, Weirdness & Mutations

You have very sharp teeth.
Your uncanny sense of smell can sniff out nearby items.
Your experience applies equally to all skills.


Message History

Things that are here:
a +0 dagger; a +0 robe; an orc corpse A centaur comes into view.
It is wielding a +0 flail and carrying a wand of acid (9).
You throw a poisoned dart. The poisoned dart hits the centaur.
The centaur is poisoned.
The centaur unwields a +0 flail.
The centaur wields a +0 shortbow.
The centaur shoots an arrow.
You block the arrow.
The centaur zaps a wand.
The bolt of acid hits you!
You are splashed with acid!
The centaur shoots an arrow.
The arrow hits you but does no damage.
The centaur shoots an arrow.
You block the arrow.
The centaur zaps a wand.
The bolt of acid hits you.
You are splashed with acid!
The centaur zaps a wand.
The bolt of acid hits you!
You are splashed with acid!
* * * LOW HITPOINT WARNING * * *
You feel much better.
The centaur unwields a +0 shortbow.
The centaur wields a +0 flail.
You block the centaur's attack.
You sock the centaur!
The centaur is almost dead.
The centaur looks more healthy.
You block the centaur's attack.
You hit the centaur but do no damage. You bite the centaur, but do no damage.
The centaur is almost dead.
The centaur zaps a wand.
The bolt of acid hits you!
* * * LOW HITPOINT WARNING * * *
The acid corrodes you!
You are splashed with acid!
* * * LOW HITPOINT WARNING * * *
The centaur hits you but does no damage.
You feel better. You block the centaur's attack.
You feel better. You block the centaur's attack.
The centaur hits you with a +0 flail!
* * * LOW HITPOINT WARNING * * *
You feel protected.
The centaur hits you but does no damage.
You hit the centaur but do no damage. You bite the centaur, but do no damage.
The centaur is almost dead.
You block the centaur's attack.
You hit the centaur but do no damage.
The centaur is almost dead.
The centaur zaps a wand.
The bolt of acid hits you. You resist.
* * * LOW HITPOINT WARNING * * *
You are splashed with acid.
You resist.
You die...

........############.....#.#
........# #.....#.###∆
........# #.....#.#
....)...# #.......#
###.########## #.....###
###.)###......##.....#
..............#......###
.[......................
..............##@...####
................c...#
........#......(#####
........#.......
......<.........
####.....#......
##........... ##..........
#.##...


You could see a centaur.

Vanquished Creatures
  Edmund (D:4)
  An orc warrior (D:6)
  A sky beast (D:5)
  2 ogres
  A centaur (D:5)
  4 bullfrogs
  A gnoll sergeant (D:7)
  A scorpion (D:6)
  3 howler monkeys (D:7)
  A bullfrog zombie (D:7)
  A quasit (D:4)
  4 orc priests
  A bullfrog skeleton (D:4)
  5 hounds
  2 jellies
  Jessica (D:2)
  Ijyb (D:3)
  3 orc wizards
  3 worker ants
  A hound zombie (D:5)
  A hound skeleton (D:6)
  A worker ant zombie (D:6)
  9 gnolls
  7 adders
  A shadow imp (D:5)
  An ufetubus (D:5)
  2 oozes
  An adder zombie (D:5)
  An adder skeleton (D:5)
  3 worms (D:3)
  4 dart slugs
  3 leopard geckos
  18 orcs
  6 bats
  9 giant cockroaches
  7 goblins
  7 hobgoblins
  3 jackals (D:1)
  13 kobolds
  3 quokkas
  6 ball pythons
  2 frilled lizards (D:1)
  A leopard gecko skeleton (D:3)
  9 rats
156 creatures vanquished.

Vanquished Creatures (others)
  An orc wizard (D:5)
1 creature vanquished.

Grand Total: 157 creatures vanquished

Notes
Turn   | Place    | Note
-------+----------+-------------------------------------------
     0 | D:1      | dolemite99 the Gnoll Fighter began the quest for the Orb.
     0 | D:1      | Reached XP level 1. HP: 23/23 MP: 1/1
   111 | D:1      | Reached XP level 2. HP: 29/29 MP: 2/2
   327 | D:1      | Reached XP level 3. HP: 32/32 MP: 3/3
   578 | D:1      | Reached skill level 1 in Invocations
   655 | D:1      | Reached skill level 1 in Short Blades
   655 | D:1      | Reached skill level 1 in Long Blades
   655 | D:1      | Reached skill level 1 in Axes
   655 | D:1      | Reached skill level 1 in Polearms
   655 | D:1      | Reached skill level 1 in Staves
   655 | D:1      | Reached skill level 1 in Slings
   655 | D:1      | Reached skill level 1 in Bows
   655 | D:1      | Reached skill level 1 in Crossbows
   655 | D:1      | Reached skill level 1 in Throwing
   655 | D:1      | Reached skill level 1 in Dodging
   655 | D:1      | Reached skill level 1 in Stealth
   655 | D:1      | Reached skill level 1 in Unarmed Combat
   655 | D:1      | Reached skill level 1 in Spellcasting
   655 | D:1      | Reached skill level 1 in Evocations
   947 | D:2      | Noticed Jessica
   967 | D:2      | Reached XP level 4. HP: 19/41 MP: 5/5
   970 | D:2      | Killed Jessica
   971 | D:2      | Reached skill level 1 in Conjurations
   971 | D:2      | Reached skill level 1 in Hexes
   971 | D:2      | Reached skill level 1 in Summonings
   971 | D:2      | Reached skill level 1 in Necromancy
   971 | D:2      | Reached skill level 1 in Translocations
   971 | D:2      | Reached skill level 1 in Transmutations
   971 | D:2      | Reached skill level 1 in Fire Magic
   971 | D:2      | Reached skill level 1 in Ice Magic
   971 | D:2      | Reached skill level 1 in Air Magic
   971 | D:2      | Reached skill level 1 in Earth Magic
   971 | D:2      | Reached skill level 1 in Poison Magic
  2073 | D:2      | Found an iron altar of Okawaru.
  2092 | D:2      | Reached XP level 5. HP: 47/47 MP: 6/6
  3582 | D:3      | Reached XP level 6. HP: 53/53 MP: 8/8
  3903 | D:3      | Noticed Ijyb
  3933 | D:3      | Killed Ijyb
  4438 | D:4      | Reached skill level 5 in Maces & Flails
  4603 | D:4      | Found a staircase to the Ecumenical Temple.
  4618 | Temple   | Entered the Ecumenical Temple
  4647 | Temple   | Became a worshipper of Ashenzari the Shackled
  4950 | D:4      | Reached XP level 7. HP: 57/59 MP: 10/10
  5449 | D:4      | Noticed Edmund
  5489 | D:4      | Killed Edmund
  5989 | D:5      | Entered Level 5 of the Dungeon
  6035 | D:5      | Reached XP level 8. HP: 56/67 MP: 12/12
  6259 | D:5      | Found Kownynn's Weapon Shop.
  6266 | D:5      | Bought 24 poisoned darts for 96 gold pieces
  6830 | D:6      | Found Gogg's Jewellery Boutique.
  6954 | D:6      | Found a shimmering blue altar of Sif Muna.
  6983 | D:6      | Reached * piety under Ashenzari
  7181 | D:6      | Found an ancient bone altar of Kikubaaqudgha.
  7690 | D:7      | Reached XP level 9. HP: 72/72 MP: 14/14
  7978 | D:7      | HP: 2/73 [acid (17)]
  7983 | D:7      | HP: 2/73 [centaur/bolt of acid (3)]
  7983 | D:7      | Splashed by a centaur's acid

Illustrated notes

Levels and vault maps discovered:
D:1:      lordsloth_arrival_two_stooges, layout_basic, minmay_pentomino_t4
D:2:      layout_basic, okawaru_ov_weapons_minmay, uniq_jessica
D:3:      layout_rooms, cheibrodos_sewer_entry_bend, uniq_ijyb
D:4:      layout_cave_pods, minmay_temple_entry_butterflies, uniq_edmund
D:5:      layout_loops_ring, serial_shops, shop_fountains,
          hangedman_decor_opposing
D:6:      layout_basic, kiku_gazebo_garden_becter, serial_shops, shop,
          basic_altar
D:7:      layout_rooms, serial_shops, shop
Temple:   nicolae_temple_the_god_donut

Skill      XL: |  1  2  3  4  5  6  7  8  9 |
---------------+----------------------------+-----
Invocations    | 1 2 3 4 |  4.4
Short Blades   | 1 2 3 4 |  4.0
Long Blades    | 1 2 3 4 |  4.0
Axes           | 1 2 3 4 |  4.0
Polearms       | 1 2 3 4 |  4.0
Staves         | 1 2 3 4 |  4.0
Slings         | 1 2 3 4 |  4.0
Bows           | 1 2 3 4 |  4.0
Crossbows      | 1 2 3 4 |  4.0
Throwing       | 1 2 3 4 |  4.0
Dodging        | 1 2 3 4 |  4.0
Stealth        | 1 2 3 4 |  4.0
Unarmed Combat | 1 2 3 4 |  4.0
Spellcasting   | 1 2 3 4 |  4.0
Evocations     | 1 2 3 4 |  4.0
Conjurations   | 1 2 3 |  3.3
Hexes          | 1 2 3 |  3.3
Summonings     | 1 2 3 |  3.3
Necromancy     | 1 2 3 |  3.3
Translocations | 1 2 3 |  3.3
Transmutations | 1 2 3 |  3.3
Fire Magic     | 1 2 3 |  3.3
Ice Magic      | 1 2 3 |  3.3
Air Magic      | 1 2 3 |  3.3
Earth Magic    | 1 2 3 |  3.3
Poison Magic   | 1 2 3 |  3.3
Maces & Flails | 5 6 |  6.1
Fighting       | 7 |  7.7
Armour         | 7 |  7.7
Shields        | 7 |  7.7

Action                   |  1- 3 |  4- 6 |  7- 9 || total
-------------------------+-------+-------+-------++-------
Melee: Flail             |    32 |     1 |   234 ||   267
       Bite              |     7 |    20 |    26 ||    53
       Dagger            |    55 |   234 |    58 ||   347
Throw: Stone             |       |    21 |     4 ||    25
       Dart              |       |       |    24 ||    24
Invok: Curse Item        |       |       |     2 ||     2
Evoke: Wand              |       |       |     7 ||     7
  Use: Potion            |     2 |     2 |     6 ||    10
Armor: Scale mail        |    45 |    88 |    10 ||   143
       Chain mail        |       |       |   151 ||   151
Dodge: Dodged            |    24 |    79 |    85 ||   188
Block: Kite shield       |    42 |   151 |   204 ||   397

Table legend: (Time is in decaauts)
 A = Elapsed time spent in this place.
 B = Non-inter-level travel time spent in this place.
 C = Inter-level travel time spent in this place.
 D = Time resting spent in this place.
 E = Time spent auto-exploring this place.
 F = Levels seen in this place.
 G = Mean time per level.
                   A        B        C        D        E       F      G
               +--------+--------+--------+--------+--------+-----+--------+
         Total |   8064 |   7881 |    183 |   2234 |   3754 |   8 | 1008.0 |
       Dungeon |   8011 |   7850 |    161 |   2234 |   3732 |   7 | 1144.4 |
        Temple |     53 |     31 |     22 |      0 |     22 |   1 |   53.0 |
               +--------+--------+--------+--------+--------+-----+--------+

Top non-repeatable levels by time:
     D:3: 1822 daAuts
     D:4: 1550 daAuts
     D:1: 1388 daAuts
     D:2: 1248 daAuts
     D:6: 921 daAuts
     D:5: 828 daAuts
     D:7: 252 daAuts
  Temple: 53 daAuts
